 Dungeon Crawl Stone Soup version 0.17-a0-1504-gb7d9117 (webtiles) character file.

437333 nubinia the Sorcerer (level 22, -16/125 HPs)
             Began as a High Elf Conjurer on July 4, 2015.
             Was the Champion of Sif Muna.
             Demolished by an ancient champion
             ... wielding a +0 great mace
              (23 damage)
             ... on level 1 of the Crypt on July 7, 2015.
             The game lasted 13:01:20 (87062 turns).

nubinia the Sorcerer (High Elf Conjurer)           Turns: 87062, Time: 13:01:21

Health: -16/125    AC: 11    Str: 11    XL:     22   Next: 95%
Magic:  9/49       EV: 27    Int: 26    God:    Sif Muna [******]
Gold:   2960       SH:  0    Dex: 25    Spells: 19 memorised, 0 levels left

rFire  . . .     SeeInvis +     a - +7 Spriggan's Knife {MR+ EV+4 Dex+4 Stlth+}
rCold  . . .     Clarity  +     d - +2 robe {rN+}
rNeg   + + .     SustAt   .     (no shield)
rPois  .         Gourm    .     H - +0 helmet
rElec  +         Spirit   .     s - +0 cloak of the Lotus Blossom {rElec Slay+3 SInv}
rCorr  .         Warding  .     h - +0 pair of gloves
rMut   .         Stasis   .     l - +2 pair of boots {run}
MR     +++..                    L - amulet of clarity
Stlth  +++++.....               W - ring of positive energy
                                P - ring of Reimbursement {EV+2 Str+4}

@: about to teleport, repel missiles, drained, quick, extremely resistant to
hostile enchantments, quite stealthy
A: no striking features
a: Channel Energy, Forget Spell, Renounce Religion
}: 2/15 runes: decaying, serpentine


You were on level 1 of the Crypt.
You worshipped Sif Muna.
Sif Muna was exalted by your worship.
You were not hungry.

You visited 10 branches of the dungeon, and saw 47 of its levels.
You also visited: Ice Cave and Wizlab.

You collected 5730 gold pieces.
You spent 2770 gold pieces at shops.

Inventory:

Hand weapons
 a - the +7 Spriggan's Knife (weapon) {MR+ EV+4 Dex+4 Stlth+}
   (You took it off a deep elf death mage on level 3 of the Elven Halls)

   It affects your evasion (+4).
   It affects your dexterity (+4).
   It affects your resistance to hostile enchantments.
   It makes you more stealthy.
 b - a +9 shortbow of freezing
 B - a +4 blowgun
 Y - the +1 battleaxe "Uwetoha" {venom, rF+ rC+ Str+2 Int-5}
   (You found it on level 2 of the Elven Halls)

   It poisons the flesh of those it strikes.
   It affects your strength (+2).
   It affects your intelligence (-5).
   It protects you from fire.
   It protects you from cold.
Missiles
 e - 16 curare-tipped needles
 k - 597 arrows
 N - 7 arrows of dispersal
 V - 44 arrows of flame
Armour
 d - a +2 robe of positive energy (worn)
 h - a +0 pair of gloves (worn)
 l - a +2 pair of boots of running (worn)
 n - the +4 robe of Augmentation {Str+4 Int+4 Dex+4}
   (You found it on level 4 of the Swamp)

   It affects your strength (+4).
   It affects your intelligence (+4).
   It affects your dexterity (+4).
 s - the +0 cloak of the Lotus Blossom (worn) {rElec Slay+3 SInv}
   (You bought it in a shop on level 1 of the Orcish Mines)

   It affects your accuracy and damage with ranged weapons and melee attacks
   (+3).
   It insulates you from electricity.
   It lets you see invisible.
 H - a +0 helmet (worn)
Jewellery
 o - an uncursed amulet of resist corrosion
 C - a +3 ring of slaying
 D - the amulet "Rokko" {Stasis Dex+4}
   (You took it off a deep elf sorcerer on level 3 of the Elven Halls)

   [amulet of stasis]

   It prevents you from being teleported, slowed, hasted or paralysed.
   It affects your dexterity (+4).
 L - an amulet of clarity (around neck)
 P - the ring of Reimbursement (left hand) {EV+2 Str+4}
   (You bought it in a shop on level 4 of the Orcish Mines)

   [ring of evasion]

   It affects your evasion (+2).
   It affects your strength (+4).
 W - a ring of positive energy (right hand)
 X - the ring "Nodwapyu" {rPois rN+ Int-2 Dex-3 Stlth+}
   (You found it on level 3 of the Elven Halls)

   [ring of dexterity]

   It affects your intelligence (-2).
   It affects your dexterity (-3).
   It protects you from poison.
   It protects you from negative energy.
   It makes you more stealthy.
Magical devices
 i - a wand of fireball (4)
 u - a wand of teleportation (6)
 y - a wand of heal wounds (5)
 F - a wand of digging (18)
 I - a wand of disintegration (14)
 S - a wand of fire (1)
 U - a wand of cold (2)
 Z - a wand of lightning (8)
Scrolls
 f - 8 scrolls of recharging
 j - 2 scrolls of holy word
 m - 7 scrolls of remove curse
 q - 4 scrolls of teleportation
 v - 3 scrolls of magic mapping
 x - 3 scrolls of blinking
 z - 6 scrolls of identify
 T - 4 scrolls of summoning
Potions
 r - 8 potions of agility
 t - 3 potions of heal wounds
 w - 3 potions of haste
 A - 2 potions of resistance
 E - 3 potions of might
 G - 9 potions of brilliance
 J - a potion of invisibility
 M - 4 potions of cancellation
 R - 15 potions of curing
Books
 g - Cerebov's Compendium of Blistering Conjuration
   (Sif Muna gifted it to you on level 2 of the Crypt)

   Spells                             Type                      Level
   a - Flame Tongue                   Conjuration/Fire             1
   b - Magic Dart                     Conjuration                  1
   c - Iskenderun's Mystic Blast      Conjuration                  4
   d - Fireball                       Conjuration/Fire             5
   e - Fire Storm                     Conjuration/Fire             9
Miscellaneous
 Q - 2 phantom mirrors
Comestibles
 K - 18 bread rations


   Skills:
 + Level 3.2(2.9) Fighting
 + Level 3.2(3.0) Short Blades
   Level 0.2(1.7) Long Blades
   Level 0.4(0.1) Polearms
 + Level 21.8(21.4) Bows
 + Level 1.6(1.4) Throwing
 + Level 4.2(3.9) Armour
 + Level 8.9(8.6) Dodging
 + Level 6.5(6.2) Stealth
 * Level 22.7(22.3) Spellcasting
 + Level 18.6(18.2) Conjurations
 + Level 7.5(7.2) Hexes
 + Level 15.4(15.0) Charms
   Level 3.2(2.9) Summonings
 + Level 2.5(2.2) Necromancy
 * Level 16.7(16.3) Translocations
 + Level 0.9(0.6) Transmutations
 + Level 0.2(0.0) Earth Magic
 - Level 9.0(8.7) Invocations
 + Level 0.4(0.1) Evocations


You couldn't memorise any spells.
You knew the following spells:

 Your Spells              Type           Power        Failure   Level  Hunger
a - Magic Dart            Conj           ####         0%          1    None
b - Dazzling Spray        Conj/Hex       #######.     1%          3    None
c - Mephitic Cloud        Conj/Pois/Air  ######..     1%          3    None
d - Portal Projectile     Tloc           ######       0%          3    None
e - Apportation           Tloc           #######...   0%          1    None
f - Force Lance           Conj/Tloc      #######.     0%          4    None
g - Shroud of Golubria    Chrm/Tloc      #######...   0%          2    None
h - Haste                 Chrm           #######.     1%          6    None
i - Iskenderun's Battles  Conj/Chrm      #######.     1%          5    None
j - Blink                 Tloc           N/A          0%          2    None
k - Controlled Blink      Tloc           N/A          1%          7    ####...
l - Passwall              Trmt/Erth      ####......   4%          3    None
m - Iskenderun's Mystic   Conj           #######.     0%          4    None
n - Fireball              Conj/Fire      ######....   1%          5    None
o - Ozocubu's Armour      Chrm/Ice       ######..     1%          3    None
p - Phase Shift           Tloc           #######...   1%          5    None
r - Repel Missiles        Chrm/Air       ######       1%          2    None
F - Cause Fear            Hex            ######....   1%          4    None
R - Regeneration          Chrm/Necr      ######....   1%          3    None


Dungeon Overview and Level Annotations

Branches:
Dungeon (15/15)            Temple (1/1) D:5            Lair (8/8) D:11
  Swamp (4/4) Lair:4        Snake (4/4) Lair:3        Slime (0/6) Lair:6
    Orc (4/4) D:12            Elf (3/3) Orc:4        Vaults (4/5) D:14
  Crypt (2/3) Vaults:3     Depths (2/5) D:15

Altars:
Ashenzari
Elyvilon
Fedhas
Gozag
Kikubaaqudgha
Okawaru
Qazlal
Ru
Sif Muna
Trog
Vehumet
Xom
Yredelemnul
Zin
Beogh

Shops:
D:5 }(   D:7 (   D:13 [}(   D:14 }   Orc:1 [   Orc:4 *[%*   Vaults:2 (
Depths:1 (

Portals:
Hell: Depths:1 Depths:2
Ziggurat: Depths:1
Trove: D:14 (show abyssal rune of Zot)

Annotations:
Vaults:3 herpmino's ghost, mighty DsGl


Message History

You continue eating.
The ancient champion completely misses you.
You continue eating.
The ancient champion points at you and mumbles some strange words.
The stone arrow is repelled.
The stone arrow hits the vampire knight.
You finish eating.
That bread ration really hit the spot!
Read which item? (? for menu, Esc to quit)
As you read the scroll of teleportation, it crumbles to dust.
You feel strangely unstable.
The ancient champion hits you with a great mace!!
* * * LOW HITPOINT WARNING * * *
The vampire knight completely misses you.
Drink which item? (? for menu, Esc to quit)
You feel much better.
The ancient champion closely misses you.
The vampire knight hits you from afar with a halberd!!
* * * LOW HITPOINT WARNING * * *
The ancient champion hits you with a great mace!!
You die...

.##(.# ######..#
.##..#####......^# ###
..#..##.........####.#
.....#.....######....#
.........### #.....# #[?.....##
#.....### .......>.#####
#.......### ###
.............###.........#####.#
#.....p.##...).z@.V.[...#.....##
#)..ยง....######.......######.####
......#..## ##.....## #.....
...#).#...## ##...## #.....
..##>.##...# ##..# #.....
.###.###...# #### #.....
.###.###...# #..... ..##p##...##
#### #..... ..##.##..## ##..##
#...##


You could see a vampire knight and an ancient champion.

Vanquished Creatures
  Boris (Vaults:2)
  Saint Roka (Orc:4)
  Nikola (Vaults:1)
  2 liches (Depths:1)
  Rupert (Orc:3)
  5 deep elf blademasters
  A deep elf master archer (Elf:3)
  A sphinx (Depths:1)
  4 ancient champions
  Gastronok (D:8)
  5 thorn hunters
  Agnes (D:15)
  A revenant (Crypt:1)
  The ghost of Xoff the Hand of Fortune, a mighty MiFi of Nemelex Xobeh (Snake:4)
  A storm dragon (Vaults:4)
  A tengu reaver (Vaults:4)
  Roxanne (D:15)
  12 greater nagas (Snake:4)
  Donald (Swamp:2)
  An iron dragon (Depths:2)
  8 frost giants
  4 deep elf sorcerers (Elf:3)
  An orc warlord (Orc:4)
  6 vault wardens
  A balrug (Depths:1)
  2 ghouls (Crypt:2)
  19 stone giants
  A reaper (Crypt:2)
  9 ironheart preservers
  5 very ugly things
  2 vampire knights
  5 deep elf demonologists
  6 deep elf annihilators
  A salamander stormcaller (Vaults:4)
  7 vault guards
  9 deep elf death magi
  5 ettins
  4 fire dragons
  3 eidola
  5 rakshasas
  4 deep elf high priests (Elf:3)
  An entropy weaver (Depths:2)
  4 great orbs of eyes
  6 yaktaur captains
  4 centaur warriors
  28 naga warriors
  20 hydras
  2 ice dragons (Depths:1)
  A death knight (Crypt:1)
  6 anacondas
  A ghost crab (Swamp:3)
  A spriggan air mage (Depths:2)
  6 deep troll shamans
  3 hell beasts (WizLab)
  11 ogre magi
  2 alligators
  13 dancing weapons
  14 death yaks
  7 orc high priests
  The ghost of urechis the Fighter, an experienced OpFi of Dithmenos (D:9)
  19 naga sharpshooters
  Urug (Lair:2)
  3 deep troll earth magi (Depths:2)
  4 sun demons
  A spriggan berserker (Depths:2)
  A shadow wraith (Vaults:3)
  Sonja (Lair:1)
  The ghost of Oddysee the Nimble, an experienced HEFE of Vehumet (D:8)
  2 fire crabs
  2 vampire magi
  An ice devil (WizLab)
  4 hell knights (Depths:2)
  A salamander mystic (Snake:3)
  7 shock serpents
  3 soul eaters
  15 skeletal warriors
  4 golden dragon zombies
  An anaconda zombie (Crypt:1)
  21 deep elf knights
  4 iron trolls (Depths:1)
  4 naga ritualists (Snake:4)
  5 flayed ghosts
  2 shambling mangroves
  22 deep trolls
  13 swamp dragons
  4 phantasmal warriors
  2 ice statues
  A swamp dragon (shapeshifter) (Vaults:2)
  6 unseen horrors
  9 deep elf summoners
  A shadow dragon zombie (Vaults:4)
  2 giant orange brains
  13 ironbrand convokers
  A tengu zombie (Depths:2)
  An anubis guard (shapeshifter) (D:15)
  Pikel (D:6)
  10 hill giants
  13 orc knights
  6 necromancers
  8 deep elf conjurers
  2 lindwurms (Lair:7)
  An anaconda skeleton (Crypt:1)
  5 cyclopes
  An orb spider (shapeshifter) (D:15)
  5 harpies (Vaults:2)
  An iron dragon zombie (Crypt:1)
  A frost giant zombie (Crypt:1)
  A stone giant zombie (Crypt:2)
  10 orc sorcerers
  5 griffons
  9 hornets
  An oklob plant (Lair:4)
  3 wizards (Depths:1)
  11 mana vipers
  8 wolf spiders
  A hornet (shapeshifter) (Vaults:2)
  33 ugly things
  19 elephants
  2 fire giant zombies
  A salamander (shapeshifter) (Vaults:4)
  2 manticores
  An iron dragon skeleton (Depths:2)
  2 fire giant skeletons
  An octopode (shapeshifter) (Elf:1)
  15 vault sentinels
  20 salamanders
  9 guardian serpents
  Psyche (D:8)
  2 torpor snails
  3 gargoyles
  2 hellions (WizLab)
  26 black mambas
  26 naga magi
  2 kobold demonologists
  An efreet (D:14)
  3 human zombies
  A catoblepas zombie (Crypt:1)
  4 centaur skeletons (D:15)
  3 orange demons (WizLab)
  A yaktaur zombie (Vaults:4)
  15 spiny frogs
  8 deep elf priests
  3 tengu conjurers
  A tormentor (WizLab)
  8 komodo dragons
  24 yaktaurs
  3 spriggan druids
  A two-headed ogre (shapeshifter) (Elf:3)
  A jumping spider (Vaults:4)
  A blue devil (WizLab)
  2 fire drakes
  2 guardian mummies (D:14)
  9 trolls
  4 freezing wraiths
  9 giant leeches
  A red devil (WizLab)
  21 polar bears
  8 blink frogs
  A polar bear (shapeshifter) (Vaults:3)
  A minotaur zombie (Crypt:1)
  45 slime creatures
  A harpy skeleton (Crypt:2)
  Prince Ribbit (D:7)
  A trapdoor spider zombie (D:13)
  A blink frog (shapeshifter) (Depths:1)
  5 boulder beetles
  10 bog bodies
  19 two-headed ogres
  10 redbacks
  8 flying skulls (Crypt:1)
  A trapdoor spider (D:12)
  2 air elementals (Depths:2)
  4 wyverns
  An ettin skeleton (Vaults:4)
  Sigmund (D:3)
  A fire giant simulacrum (Crypt:2)
  3 ice dragon skeletons
  7 wraiths
  65 yaks
  24 deep elf magi
  5 shadows
  2 vampires
  A dire elephant simulacrum (Crypt:2)
  A fire dragon skeleton (Crypt:1)
  13 spriggans
  3 ynoxinuls (WizLab)
  11 hippogriffs
  3 basilisks
  4 hungry ghosts
  Grum (Lair:1)
  A steam dragon (D:10)
  2 golden eyes (Depths:1)
  4 mottled dragons
  15 water moccasins
  10 wargs
  Menkaure (D:7)
  86 nagas
  32 vampire mosquitoes
  37 deep elf fighters
  39 wolves
  A deep troll zombie (Crypt:1)
  5 insubstantial wisps (Swamp:3)
  A deep troll skeleton (Vaults:4)
  8 porcupines
  30 swamp worms
  Duvessa (D:4)
  54 orc warriors
  7 ice beasts
  2 eyes of draining
  2 sky beasts
  12 wasps
  47 ogres
  A black bear (shapeshifter) (Elf:1)
  14 centaurs
  2 phantoms
  8 black bears
  A snapping turtle skeleton (Crypt:2)
  2 necrophages
  16 crocodiles
  13 swamp drakes
  4 big kobolds
  A crocodile (shapeshifter) (Vaults:3)
  A gnoll sergeant (D:7)
  The ghost of FooOfBar the Conjurer, an average TeCj (D:3)
  29 giant frogs
  3 scorpions
  Dowan (D:4)
  4 electric eels
  An elf skeleton (Vaults:4)
  14 killer bees
  19 wights
  2 giant frog zombies
  5 centaur zombies
  7 crimson imps
  10 jellies
  A quasit (D:13)
  44 orc priests
  A soldier ant zombie (Crypt:2)
  47 orc wizards
  11 iguanas
  7 hounds
  A basilisk skeleton (Crypt:2)
  A human skeleton (Crypt:1)
  15 worker ants
  4 hell rats (Lair:5)
  13 sheep
  A naga zombie (Crypt:1)
  A dwarf skeleton (Crypt:1)
  A hound skeleton (D:11)
  2 worker ant zombies
  14 gnolls
  19 adders
  27 river rats
  A shadow imp (D:9)
  2 oozes
  An adder zombie (D:9)
  A halfling skeleton (Crypt:1)
  A lava snake skeleton (Crypt:1)
  11 worms
  5 giant geckos
  345 orcs
  11 bats
  8 giant cockroaches
  36 hobgoblins
  4 quokkas
  2 giant gecko skeletons
  7 giant newts
  37 goblins
  7 jackals
  A jackal zombie (D:5)
  40 kobolds
  20 rats
  2 bushes (Lair:4)
  2 crawling corpses (Elf:3)
  2 fungi
  2 lost souls
  9 plants (Lair:4)
2446 creatures vanquished.

Vanquished Creatures (collateral kills)
  A naga mage (Snake:4)
1 creature vanquished.

Vanquished Creatures (others)
  An alligator (Swamp:2)
  A wizard (Vaults:2)
  A black mamba zombie (Crypt:2)
  A yak (IceCv)
  A deep elf fighter (Vaults:2)
  A warg (Vaults:4)
  A naga (Snake:4)
  2 wolves (IceCv)
  A swamp worm (Swamp:2)
  A giant frog (D:6)
  An orc wizard (D:6)
  3 orcs
  31 fungi
  23 plants
69 creatures vanquished.

Grand Total: 2516 creatures vanquished

Notes
Turn   | Place    | Note
--------------------------------------------------------------
     0 | D:1      | nubinia the High Elf Conjurer began the quest for the Orb.
     0 | D:1      | Reached XP level 1. HP: 11/11 MP: 4/4
   248 | D:1      | Reached XP level 2. HP: 17/17 MP: 1/6
   569 | D:1      | Reached skill level 5 in Conjurations
   979 | D:1      | Reached XP level 3. HP: 21/21 MP: 6/8
   984 | D:1      | Learned a level 3 spell: Dazzling Spray
  1621 | D:2      | Reached XP level 4. HP: 27/27 MP: 3/9
  2794 | D:3      | Reached skill level 1 in Hexes
  3154 | D:3      | Noticed FooOfBar's ghost (average TeCj)
  3179 | D:3      | Noticed Sigmund
  3194 | D:4      | Reached XP level 5. HP: 31/31 MP: 6/11
  3569 | D:5      | Entered Level 5 of the Dungeon
  3676 | D:5      | Reached skill level 6 in Conjurations
  3736 | D:5      | Found Loedol's Weapon Shoppe.
  3740 | D:5      | Bought a +0 trident of protection for 68 gold pieces
  4330 | D:3      | Reached XP level 6. HP: 36/36 MP: 7/13
  5103 | D:3      | Killed Sigmund
  5253 | D:3      | Reached skill level 5 in Spellcasting
  5294 | D:4      | Noticed Duvessa
  5377 | D:4      | Learned a level 4 spell: Iskenderun's Mystic Blast
  5383 | D:4      | Learned a level 5 spell: Iskenderun's Battlesphere
  5524 | D:4      | Reached XP level 7. HP: 41/41 MP: 7/15
  5669 | D:4      | Noticed Dowan
  5880 | D:4      | Noticed an ogre
  6166 | D:3      | Reached skill level 7 in Conjurations
  6700 | D:4      | Noticed an ogre
  6706 | D:4      | Killed an ogre
  6706 | D:4      | Reached skill level 1 in Charms
  7352 | D:4      | Killed an ogre
  7352 | D:4      | Reached XP level 8. HP: 46/46 MP: 6/18
  7866 | D:5      | Found a staircase to the Ecumenical Temple.
  7876 | Temple   | Entered the Ecumenical Temple
  7884 | Temple   | Became a worshipper of Sif Muna the Loreminder
  7903 | D:5      | Found Seolog's Gadget Shop.
  7993 | D:5      | Found a bloodstained altar of Trog.
  8282 | D:6      | Found an iron altar of Okawaru.
  8699 | D:6      | Reached skill level 8 in Conjurations
  8752 | D:6      | Noticed Pikel
  8843 | D:7      | Found a white marble altar of Elyvilon.
  8928 | D:7      | Acquired Sif Muna's first power
  9804 | D:6      | Killed Pikel
  9804 | D:6      | Acquired Sif Muna's second power
  9804 | D:6      | Reached skill level 1 in Throwing
  9804 | D:6      | Reached XP level 9. HP: 42/51 MP: 15/22
 10330 | D:4      | Killed Dowan
 10333 | D:4      | Killed Duvessa
 11682 | D:3      | Killed FooOfBar's ghost
 11682 | D:3      | Reached skill level 9 in Conjurations
 12250 | D:7      | Reached skill level 1 in Invocations
 12309 | D:7      | Noticed Menkaure
 12607 | D:7      | Killed Menkaure
 12607 | D:7      | Reached skill level 5 in Charms
 12703 | D:7      | Found Jashre Ykke's Antique Weapon Shop.
 12747 | D:7      | Noticed Prince Ribbit
 12766 | D:7      | Killed Prince Ribbit
 12945 | D:7      | Gained mutation: Your spells are a little harder to cast, but a little more powerful. [mutagenic meat]
 12946 | D:7      | Gained mutation: You can breathe flames. [mutagenic meat]
 12956 | D:7      | Learned a level 4 spell: Force Lance
 12965 | D:7      | Reached XP level 10. HP: 57/57 MP: 18/24
 13238 | D:8      | Noticed Psyche
 13241 | D:8      | Killed Psyche
 13241 | D:8      | Reached skill level 1 in Translocations
 13286 | D:8      | Noticed Gastronok
 13293 | D:8      | Killed Gastronok
 13293 | D:8      | Acquired Sif Muna's third power
 13293 | D:8      | Reached skill level 10 in Spellcasting
 13293 | D:8      | Reached skill level 10 in Conjurations
 13293 | D:8      | Reached skill level 5 in Invocations
 13359 | D:8      | Noticed Oddysee's ghost (experienced HEFE)
 13373 | D:8      | Killed Oddysee's ghost
 14004 | D:9      | Noticed urechis's ghost (experienced OpFi)
 14009 | D:9      | Killed urechis's ghost
 14009 | D:9      | Reached XP level 11. HP: 62/62 MP: 6/26
 14081 | D:9      | Found a sacrificial altar of Ru.
 14126 | D:9      | Reached skill level 11 in Spellcasting
 14518 | D:9      | Found a shattered altar of Ashenzari.
 14521 | D:9      | Found a blossoming altar of Fedhas.
 14522 | D:9      | Found a radiant altar of Vehumet.
 14914 | D:10     | Entered Level 10 of the Dungeon
 16288 | D:11     | Reached skill level 5 in Translocations
 16296 | D:11     | Found a staircase to the Lair.
 16439 | D:11     | Received a gift from Sif Muna
 16462 | D:11     | Identified Iskenderun's Catalogue of Icy Attacks (Sif Muna gifted it to you on level 11 of the Dungeon)
 17060 | Lair:1   | Entered Level 1 of the Lair of Beasts
 17188 | Lair:1   | Noticed Grum
 17191 | Lair:1   | Reached XP level 12. HP: 67/67 MP: 19/28
 17193 | Lair:1   | Killed Grum
 17415 | Lair:1   | Noticed Sonja
 17420 | Lair:1   | Killed Sonja
 17420 | Lair:1   | Reached skill level 12 in Spellcasting
 18596 | Lair:2   | Noticed Urug
 18603 | Lair:2   | Killed Urug
 19167 | Lair:3   | Got a twisted rapier
 19168 | Lair:3   | Identified the +7 rapier "Reb Icva" {venom, rC+} (You found it on level 3 of the Lair of Beasts)
 19238 | Lair:2   | Received a gift from Sif Muna
 19246 | Lair:2   | Identified Sif Muna's Papyrus of Displacement (Sif Muna gifted it to you on level 2 of the Lair of Beasts)
 19250 | Lair:2   | Learned a level 2 spell: Shroud of Golubria
 19252 | Lair:2   | Learned a level 1 spell: Apportation
 19256 | Lair:2   | Learned a level 3 spell: Portal Projectile
 19671 | Lair:3   | Noticed a five-headed hydra
 19676 | Lair:3   | Killed a five-headed hydra
 20035 | Lair:3   | Found a staircase to the Snake Pit.
 20276 | Lair:4   | Reached skill level 13 in Spellcasting
 20284 | Lair:4   | Reached XP level 13. HP: 72/72 MP: 4/31
 20291 | Lair:4   | Identified a scroll of acquirement
 20596 | Lair:4   | Reached skill level 5 in Hexes
 20753 | Lair:4   | Found a staircase to the Swamp.
 20965 | Lair:4   | Found a blossoming altar of Fedhas.
 22602 | Lair:5   | Gained mutation: You have a pair of small horns on your head. [potion of mutation]
 22602 | Lair:5   | Gained mutation: Your body sometimes deteriorates upon taking damage. [potion of mutation]
 22603 | Lair:5   | Lost mutation: Your body sometimes deteriorates upon taking damage. [potion of cure mutation]
 22603 | Lair:5   | Lost mutation: Your spells are a little harder to cast, but a little more powerful. [potion of cure mutation]
 22603 | Lair:5   | Lost mutation: You have a pair of small horns on your head. [potion of cure mutation]
 22634 | Lair:5   | Received a gift from Sif Muna
 22663 | Lair:5   | Identified Sif Muna's Almanac of Hexes (Sif Muna gifted it to you on level 5 of the Lair of Beasts)
 22669 | Lair:5   | Learned a level 4 spell: Cause Fear
 22843 | Lair:6   | Reached skill level 14 in Spellcasting
 22846 | Lair:6   | Reached skill level 5 in Dodging
 22963 | Lair:6   | Reached skill level 10 in Charms
 23358 | Lair:6   | Found a staircase to the Slime Pits.
 23369 | Lair:6   | Learned a level 3 spell: Call Canine Familiar
 24000 | Lair:5   | Reached skill level 5 in Stealth
 24189 | Lair:4   | Reached skill level 1 in Summonings
 24902 | Lair:1   | Learned a level 5 spell: Warp Weapon
 25516 | Lair:8   | Entered Level 8 of the Lair of Beasts
 25614 | Lair:8   | Reached XP level 14. HP: 55/77 MP: 17/33
 25740 | Lair:8   | Received a gift from Sif Muna
 25741 | Lair:8   | Identified Sif Muna's Incunabulum of the Lucky Compass (Sif Muna gifted it to you on level 8 of the Lair of Beasts)
 26076 | Lair:8   | Reached skill level 1 in Fighting
 26932 | Lair:8   | Reached skill level 15 in Spellcasting
 27222 | Lair:8   | Reached skill level 1 in Bows
 27454 | Lair:8   | Learned a level 3 spell: Regeneration
 27807 | Lair:8   | Received a gift from Sif Muna
 27812 | Lair:8   | Learned a level 2 spell: Stoneskin
 28668 | D:12     | Found a frozen archway.
 28999 | IceCv    | Entered an ice cave
 29800 | IceCv    | Noticed a frost giant
 29834 | IceCv    | Killed a frost giant
 29834 | IceCv    | Reached XP level 15. HP: 72/83 MP: 8/35
 29985 | IceCv    | Identified the Grimoire of the Lethal Glacier
 30147 | D:12     | Upgraded the game from 0.17-a0-1481-gfdcec5c to 0.17-a0-1485-g22cb0ee
 30487 | D:12     | Found a staircase to the Orcish Mines.
 30669 | Lair:1   | Learned a level 3 spell: Ozocubu's Armour
 31153 | Orc:1    | Entered Level 1 of the Orcish Mines
 31255 | Orc:1    | Reached skill level 15 in Conjurations
 31481 | Orc:1    | Found Xetzad's Antique Armour Boutique.
 31528 | Orc:1    | Found a roughly hewn altar of Beogh.
 31531 | Orc:1    | Bought a pair of embroidered boots for 153 gold pieces
 31531 | Orc:1    | Bought a scorched cloak for 323 gold pieces
 31545 | Orc:1    | Identified a +2 pair of boots of running (You bought it in a shop on level 1 of the Orcish Mines)
 31556 | Orc:1    | Identified the +0 cloak of the Lotus Blossom {rElec Slay+3 SInv} (You bought it in a shop on level 1 of the Orcish Mines)
 32542 | Orc:4    | Entered Level 4 of the Orcish Mines
 32710 | Orc:3    | Noticed Rupert
 32747 | Orc:3    | Killed Rupert
 32747 | Orc:3    | Received a gift from Sif Muna
 32747 | Orc:3    | Reached skill level 16 in Spellcasting
 32748 | Orc:3    | Identified Sif Muna's Grimoire of Lucky Execration (Sif Muna gifted it to you on level 3 of the Orcish Mines)
 32759 | Orc:3    | Learned a level 6 spell: Haste
 33674 | Orc:4    | Reached skill level 5 in Bows
 34502 | Orc:4    | Got a warped robe
 34513 | Orc:4    | Identified the +0 robe of Listlessness {Int+4} (You found it on level 4 of the Orcish Mines)
 34724 | Orc:4    | Found a staircase to the Elven Halls.
 34967 | Orc:4    | Noticed Saint Roka
 35156 | Orc:4    | Found Jeymiphe's Assorted Antiques.
 35634 | Orc:4    | Got a faintly glowing flail
 35635 | Orc:4    | Identified the +3 flail of the Revolution {vamp, MR+ Int+2} (You found it on level 4 of the Orcish Mines)
 35760 | Orc:4    | Found a roughly hewn altar of Beogh.
 36164 | Orc:4    | Bought a coiled granite ring for 150 gold pieces
 36171 | Orc:4    | Identified the ring of Reimbursement {EV+2 Str+4} (You bought it in a shop on level 4 of the Orcish Mines)
 36333 | Orc:4    | Found a roughly hewn altar of Beogh.
 37252 | Orc:4    | Reached skill level 10 in Translocations
 37279 | Orc:4    | Found Reim's Armour Shop.
 37313 | Orc:4    | Found Kiuzeuqe's Assorted Antiques.
 37393 | Orc:4    | Bought a heavily runed silver ring for 185 gold pieces
 37394 | Orc:4    | Identified the ring "Xoakhluop" {+Fly rF- rN+ Str+3} (You bought it in a shop on level 4 of the Orcish Mines)
 37516 | Orc:4    | Found Zequafyv's Food Shop.
 38461 | Swamp:1  | Entered Level 1 of the Swamp
 39720 | Swamp:1  | Noticed a thorn hunter
 39729 | Swamp:1  | Killed a thorn hunter
 39729 | Swamp:1  | Reached skill level 1 in Short Blades
 39966 | Swamp:1  | Received a gift from Sif Muna
 39967 | Swamp:1  | Identified Sif Muna's Compendium of Battle Magic (Sif Muna gifted it to you on level 1 of the Swamp)
 40171 | Swamp:1  | Noticed a thorn hunter
 40183 | Swamp:1  | Killed a thorn hunter
 40319 | Swamp:1  | You fall through a shaft!
 40494 | Swamp:2  | Reached XP level 16. HP: 68/89 MP: 4/37
 40902 | Swamp:2  | Noticed Donald
 40909 | Swamp:2  | Killed Donald
 41507 | Swamp:3  | Reached skill level 1 in Armour
 41534 | Swamp:3  | Reached skill level 1 in Necromancy
 42003 | Lair:1   | Learned a level 2 spell: Stoneskin
 42326 | Swamp:3  | Reached skill level 17 in Spellcasting
 42856 | Swamp:3  | Received a gift from Sif Muna
 42857 | Swamp:3  | Identified Sif Muna's Papyrus of Displaced Boosts (Sif Muna gifted it to you on level 3 of the Swamp)
 43297 | Swamp:4  | Entered Level 4 of the Swamp
 43625 | Swamp:4  | Got a scorched war axe
 43628 | Swamp:4  | Identified the +2 war axe of Ashenzari {freeze, +Rage rPois rC- Stlth+} (You found it on level 4 of the Swamp)
 45925 | Swamp:4  | Got a decaying rune of Zot
 46357 | Snake:1  | Entered Level 1 of the Snake Pit
 46730 | Snake:1  | Lost mutation: You can breathe flames. [potion of mutation]
 46730 | Snake:1  | Gained mutation: You tend to lose your temper in combat. [potion of mutation]
 46730 | Snake:1  | Gained mutation: You are partially covered in large bone plates (AC +2, SH +2). [potion of mutation]
 46731 | Snake:1  | Gained mutation: Your mind is acute. (Int +2) [potion of mutation]
 46731 | Snake:1  | Gained mutation: You are resistant to electric shocks. [potion of mutation]
 46731 | Snake:1  | Lost mutation: Your mind is acute. (Int +2) [potion of mutation]
 47038 | Snake:1  | Found a sacrificial altar of Ru.
 47264 | Snake:1  | Reached XP level 17. HP: 94/94 MP: 34/39
 47497 | Snake:2  | Received a gift from Sif Muna
 47505 | Snake:2  | Identified Sif Muna's Volume of Freezing Good Luck (Sif Muna gifted it to you on level 2 of the Snake Pit)
 47509 | Snake:2  | Learned a level 2 spell: Repel Missiles
 47751 | Snake:2  | Gained mutation: Armour fits poorly on your strangely shaped body. [mutagenic meat]
 47875 | Lair:1   | Lost mutation: You tend to lose your temper in combat. [potion of cure mutation]
 47875 | Lair:1   | Lost mutation: You are resistant to electric shocks. [potion of cure mutation]
 47875 | Lair:1   | Lost mutation: Armour fits poorly on your strangely shaped body. [potion of cure mutation]
 47876 | Lair:1   | Gained mutation: You have sharp toenails. [mutagenic meat]
 47877 | Lair:1   | Lost mutation: You have sharp toenails. [mutagenic meat]
 47878 | Lair:1   | Gained mutation: Your body sometimes deteriorates upon taking damage. [mutagenic meat]
 47879 | Lair:1   | Gained mutation: You have a pair of small horns on your head. [mutagenic meat]
 47881 | Lair:1   | Lost mutation: You have a pair of small horns on your head. [potion of cure mutation]
 47881 | Lair:1   | Lost mutation: Your body sometimes deteriorates upon taking damage. [potion of cure mutation]
 47881 | Lair:1   | Lost mutation: You are partially covered in large bone plates (AC +2, SH +2). [potion of cure mutation]
 48560 | Snake:2  | Reached skill level 18 in Spellcasting
 49416 | Snake:3  | Reached skill level 10 in Bows
 50155 | Snake:4  | Entered Level 4 of the Snake Pit
 50603 | Snake:4  | Noticed Xoff's ghost (mighty MiFi)
 52642 | Snake:4  | Killed Xoff's ghost
 52642 | Snake:4  | Reached XP level 18. HP: 100/100 MP: 6/41
 52649 | Snake:4  | Gained mutation: You are frail (-10% HP). [mutagenic meat]
 52833 | Snake:4  | Gained mutation: You are resistant to hostile enchantments. [mutagenic meat]
 52834 | Snake:4  | Gained mutation: You are dopey. (Int -2) [mutagenic meat]
 52835 | Snake:4  | Gained mutation: You are very frail (-20% HP). [mutagenic meat]
 53003 | Lair:1   | Lost mutation: You are very frail (-20% HP). [potion of cure mutation]
 53003 | Lair:1   | Lost mutation: You are frail (-10% HP). [potion of cure mutation]
 53003 | Lair:1   | Lost mutation: You are resistant to hostile enchantments. [potion of cure mutation]
 53003 | Lair:1   | Lost mutation: You are dopey. (Int -2) [potion of cure mutation]
 53011 | Lair:1   | Learned a level 5 spell: Phase Shift
 53209 | Snake:4  | Received a gift from Sif Muna
 53210 | Snake:4  | Identified Sif Muna's Papyrus of the Ensnaring Voyage (Sif Muna gifted it to you on level 4 of the Snake Pit)
 53214 | Snake:4  | Learned a level 2 spell: Blink
 53582 | Snake:4  | Identified the Reference Book on Enhancements and Shape Shifting (You found it on level 4 of the Snake Pit)
 53978 | Snake:4  | Gained mutation: You are partially covered in iridescent scales (AC +4). [mutagenic meat]
 53987 | Snake:4  | Gained mutation: You are occasionally teleported to nearby monsters. [mutagenic meat]
 53988 | Snake:4  | Gained mutation: Armour fits poorly on your strangely shaped body. [mutagenic meat]
 54176 | Lair:1   | Lost mutation: You are occasionally teleported to nearby monsters. [potion of cure mutation]
 54176 | Lair:1   | Lost mutation: Armour fits poorly on your strangely shaped body. [potion of cure mutation]
 54176 | Lair:1   | Lost mutation: You are partially covered in iridescent scales (AC +4). [potion of cure mutation]
 54591 | Snake:4  | Gained mutation: You are clumsy. (Dex -2) [mutagenic meat]
 54592 | Snake:4  | Gained mutation: You are dopey. (Int -2) [mutagenic meat]
 54593 | Snake:4  | Gained mutation: You can spit weak poison. [mutagenic meat]
 54803 | Lair:1   | Lost mutation: You are dopey. (Int -2) [potion of cure mutation]
 54803 | Lair:1   | Lost mutation: You can spit weak poison. [potion of cure mutation]
 54803 | Lair:1   | Lost mutation: You are clumsy. (Dex -2) [potion of cure mutation]
 55590 | Snake:4  | Got a serpentine rune of Zot
 55787 | Snake:4  | Upgraded the game from 0.17-a0-1485-g22cb0ee to 0.17-a0-1497-g03599f7
 56466 | Elf:1    | Entered Level 1 of the Elven Halls
 56570 | Elf:1    | Reached skill level 15 in Bows
 57460 | Elf:2    | Got a smoking battleaxe
 57461 | Elf:2    | Identified the cursed +1 battleaxe "Uwetoha" {venom, rF+ rC+ Str+2 Int-5} (You found it on level 2 of the Elven Halls)
 57637 | Elf:2    | Found a runed gate.
 57638 | Elf:2    | Found a runed gate.
 57638 | Elf:2    | Found a runed gate.
 57687 | Elf:2    | Received a gift from Sif Muna
 57689 | Elf:2    | Identified Sif Muna's Reference Book on Attacks (Sif Muna gifted it to you on level 2 of the Elven Halls)
 57712 | Elf:2    | Reached skill level 19 in Spellcasting
 57854 | Elf:2    | Reached XP level 19. HP: 105/105 MP: 33/43
 58447 | Orc:4    | Killed Saint Roka
 58978 | Orc:4    | Bought a scroll of acquirement for 1560 gold pieces
 59296 | Lair:1   | Learned a level 7 spell: Controlled Blink
 59669 | D:13     | Found Weap's Weapon Shop.
 59687 | D:13     | Found Riurr's Gadget Shoppe.
 59926 | D:13     | Found Zoji's Antique Armour Shoppe.
 59937 | D:13     | Bought an ichor-stained leather armour for 231 gold pieces
 59947 | D:13     | Identified the cursed +0 leather armour of the Vaults {rF++ Int+2 Dex-4 Slay+3} (You bought it in a shop on level 13 of the Dungeon)
 60260 | D:14     | Found Wynuanoir's Gadget Shoppe.
 60713 | D:14     | Got a slimy turquoise ring
 60715 | D:14     | Identified the ring "Nede" {MR+ Str+6} (You found it on level 14 of the Dungeon)
 60727 | D:14     | Found a portal to a secret trove of treasure.
 61293 | D:14     | Found a gate to the Vaults.
 61580 | Vaults:1 | Entered Level 1 of the Vaults
 63149 | Vaults:1 | Noticed Nikola
 63171 | Vaults:1 | Killed Nikola
 63905 | Vaults:1 | Received a gift from Sif Muna
 63908 | Vaults:1 | Identified Lehudib's Reference Book on Confrontation and the Volcanoes (Sif Muna gifted it to you on level 1 of the Vaults)
 64302 | Vaults:2 | Found Yqarchewu's Antique Weapon Shop.
 64348 | Vaults:2 | Gained mutation: You evolve. [mutagenic meat]
 66152 | Vaults:2 | Reached XP level 20. HP: 112/112 MP: 23/44
 66914 | D:7      | Bought a glowing rapier for 100 gold pieces
 67227 | D:14     | Gained mutation: Your system is resistant to poisons. [evolution]
 67377 | Vaults:2 | Noticed Boris
 67517 | Vaults:2 | Reached skill level 20 in Spellcasting
 67698 | Vaults:3 | Noticed herpmino's ghost (mighty DsGl)
 67910 | Vaults:2 | Killed Boris
 68686 | Vaults:3 | Found a staircase to the Crypt.
 69951 | Vaults:3 | Received a gift from Sif Muna
 70001 | Vaults:3 | Upgraded the game from 0.17-a0-1497-g03599f7 to 0.17-a0-1504-gb7d9117
 70550 | Vaults:4 | HP: 2/112 [orc warrior/halberd[an orc knight] (13)]
 70553 | Vaults:4 | Reached skill level 15 in Charms
 71093 | Vaults:4 | Paralysed by an ogre mage for 4 turns
 71724 | Vaults:4 | Gained mutation: Your body sometimes deteriorates upon taking damage. [evolution]
 72448 | D:11     | Reached XP level 21. HP: 117/117 MP: 10/46
 72794 | Elf:1    | Reached skill level 15 in Translocations
 72821 | Elf:3    | Entered Level 3 of the Elven Halls
 72829 | Elf:3    | Received a gift from Sif Muna
 72837 | Elf:3    | Identified Sif Muna's Papyrus of Fetching Aid (Sif Muna gifted it to you on level 3 of the Elven Halls)
 73407 | Elf:3    | Reached skill level 21 in Spellcasting
 73711 | Elf:3    | Got a flickering golden amulet
 73946 | Elf:3    | Identified the amulet "Rokko" {Stasis Dex+4} (You took it off a deep elf sorcerer on level 3 of the Elven Halls)
 74353 | Elf:3    | Got a translucent great mace
 74354 | Elf:3    | Identified the +9 great mace of Quick Death {freeze, rElec rC+ Dex-2} (You took it off a deep elf sorcerer on level 3 of the Elven Halls)
 74419 | Elf:3    | Got a faintly glowing glass ring
 74421 | Elf:3    | Identified the cursed ring "Nodwapyu" {rPois rN+ Int-2 Dex-3 Stlth+} (You found it on level 3 of the Elven Halls)
 74429 | Elf:3    | Got an iridescent war axe
 74430 | Elf:3    | Identified the +6 war axe "Qeroykh" {chop, +Blink} (You found it on level 3 of the Elven Halls)
 74434 | Elf:3    | Got a translucent dire flail
 74435 | Elf:3    | Identified the +6 dire flail of the Pits of Slime {crush, *Drain rElec rF+ SInv} (You found it on level 3 of the Elven Halls)
 74444 | Elf:3    | Learned a level 3 spell: Passwall
 74463 | Elf:3    | Got a polished short sword
 74464 | Elf:3    | Identified the +7 short sword of Ru's Reproof {flame, Int+4} (You found it on level 3 of the Elven Halls)
 75105 | D:15     | Entered Level 15 of the Dungeon
 75216 | D:15     | Noticed Roxanne
 75243 | D:15     | Killed Roxanne
 75726 | D:15     | Noticed Agnes
 75731 | D:15     | Killed Agnes
 76000 | D:15     | Received a gift from Sif Muna
 76298 | D:15     | Identified Sif Muna's Reference Book on Battle Magic (Sif Muna gifted it to you on level 15 of the Dungeon)
 76450 | D:15     | Found a staircase to the Depths.
 76708 | Depths:1 | Entered Level 1 of the Depths
 76745 | Depths:1 | Gained mutation: Your mind is acute. (Int +2) [evolution]
 76809 | Depths:1 | Found a magical portal.
 76815 | WizLab   | Entered The Hall of Pasuor the Hellbinder
 77894 | Depths:1 | Found Owe Rimp's Antique Weapon Boutique.
 77948 | Depths:1 | Found a gateway to Hell.
 78340 | Depths:1 | Reached XP level 22. HP: 123/123 MP: 35/48
 78513 | Depths:1 | Found a gateway to a ziggurat.
 78816 | Depths:1 | Reached skill level 22 in Spellcasting
 79222 | Depths:1 | Identified the Incunabulum of Enchantment (You found it on level 1 of the Depths)
 79604 | Depths:2 | Received a gift from Sif Muna
 79611 | Depths:2 | Learned a level 3 spell: Mephitic Cloud
 81577 | Crypt:1  | Entered Level 1 of the Crypt
 84956 | Crypt:1  | Lost mutation: You evolve. [end of evolution]
 85106 | Vaults:4 | Gained mutation: Scrolls take you a little longer to read. [potion of mutation]
 85106 | Vaults:4 | Gained mutation: You are agile. (Dex +2) [potion of mutation]
 85106 | Vaults:4 | Lost mutation: You are agile. (Dex +2) [potion of mutation]
 85529 | Lair:1   | Lost mutation: Your mind is acute. (Int +2) [potion of cure mutation]
 85529 | Lair:1   | Lost mutation: Your system is resistant to poisons. [potion of cure mutation]
 85529 | Lair:1   | Lost mutation: Scrolls take you a little longer to read. [potion of cure mutation]
 85529 | Lair:1   | Lost mutation: Your body sometimes deteriorates upon taking damage. [potion of cure mutation]
 86035 | Crypt:2  | Received a gift from Sif Muna
 86039 | Crypt:2  | Identified Cerebov's Compendium of Blistering Conjuration (Sif Muna gifted it to you on level 2 of the Crypt)
 86046 | Crypt:2  | Learned a level 5 spell: Fireball
 86566 | Crypt:2  | Noticed an ancient lich
 87062 | Crypt:1  | Demolished by an ancient champion

Vault maps used:
D:1:      co_arrival_random_square_maze, minivault_25, minivault_25,
          minmay_surrounded
D:2:      guppyfry_early_orc_mine
D:3:      uniq_sigmund
D:4:      first_bread, minmay_quantized, uniq_duvessa
D:5:      kennysheep_mini, minmay_temple_entry_glassed_door, serial_shops, shop,
          nicolae_shop_trees
D:6:      corexii_shantytown, overflow_temple_1_default, uniq_pikel
D:7:      elyvilon_altar_3, serial_glass, glass_columns_c, glass_columns_c,
          glass_columns_c, glass_columns_a, glass_columns_c, glass_columns_b,
          glass_columns_b, glass_columns_a, glass_columns_a, glass_columns_c,
          serial_shops, nicolae_shop_overgrown_old_shop, st_stairs_14,
          the_bakery, kennysheep_crisscross, uniq_menkaure, uniq_prince_ribbit1
D:8:      kennysheep_generic_room_3, uniq_psyche, uniq_gastronok
D:9:      overflow_temple_1_default, grunt_temple_overflow_open
D:11:     dpeg_lair_monsters
D:12:     nicolae_whirlpool, orc_0_dummy, portal_ice_cave_entry_ice_statue_01
D:13:     serial_shops, nicolae_shop_statue_plus,
          nicolae_shop_competitors_out_of_business, nicolae_shop_trees
D:14:     grunt_vaults_entry_fortified, serial_shops,
          nicolae_shop_temple_entry_statues_fountains,
          nicolae_trove_entry_path_of_doom
D:15:     hangedman_depths_entry_try_elsewhere_first, minmay_misc_feat_plants,
          kennysheep_two_boxes, uniq_roxanne, uniq_agnes
Temple:   circular_temple_12
Lair:1:   uniq_sonja, uniq_grum
Lair:2:   statuecave_lemuel, uniq_urug
Lair:3:   boulder_dual_corridor_run, minmay_snake_entry_guardpost_small
Lair:4:   swamp_mist_pool, minmay_stone_trees_small, st_stairs_4, tgw_fedhas,
          infiniplex_staircase_pool
Lair:5:   beast_lair_carwin_5
Lair:6:   nicolae_slime_entry_slimehenge, minivault_11, st_stairs_9
Lair:7:   serial_bayou_shore_b
Lair:8:   minmay_lair_end_enchanted_forest, small_statue_intersection,
          serial_bayou_shore_b, serial_bayou_shore_b, grunt_megastairs_4
Swamp:1:  serial_swamp_ruin, evilmike_swamp_ruin_house_6,
          evilmike_swamp_ruin_house_2, evilmike_swamp_ruin_house_3
Swamp:2:  evilmike_swamp_ruin_rubble_2, swamp_pool3, uniq_donald
Swamp:3:  evilmike_swamp_ruin_wall, hangedman_swamp_wriggling
Swamp:4:  swamp
Snake:1:  basic_altar
Snake:2:  grunt_megastairs_2
Snake:4:  grunt_snake_rune_spirals, st_stairs_5, nicolae_coiled_stairwell_up
Orc:1:    basic_altar, serial_shops, shop
Orc:3:    nicolae_orc_pool_cavern, uniq_rupert
Orc:4:    pubby_orc_utopia
Elf:1:    eino_elf_arrival_sip, evilmike_minifort
Elf:3:    minmay_elf_hall_quartered_circle
Vaults:1: v_misc_15, nicolae_vaults_theta, v_pattern_3, vaults_dpeg_cross,
          v_alt_pattern_5, nicolae_vaults_mini_display_case,
          hangedman_vaults_slice, uniq_nikola
Vaults:2: vaults_room_grunt_arrival_ludios, vaults_dpeg_hooks, v_alt_pattern_4,
          vaults_mumra_chevron_long, grunt_vaults_focal, vaults_mumra_hexcomb,
          ontoclasm_vaults_loading_screen, v_misc_12, vaults_room_fours,
          ontoclasm_vaults_ring_square, hangedman_vaults_nails, v_alt_pattern_2,
          serial_shops, nicolae_shop_overgrown_old_shop, uniq_boris
Vaults:3: v_pattern_2, minmay_crypt_entry_simple_statues,
          nicolae_vaults_diagonal_hallway_7, nicolae_vaults_little_squares_1,
          hangedman_vaults_river_flow, vaults_mumra_minichess_inversion,
          vaults_room_ringed_pool, ontoclasm_vaults_twist,
          hangedman_vaults_trim, ontoclasm_vaults_chip,
          ontoclasm_vaults_claustrophobia, v_misc_17,
          nicolae_vaults_shelves_hall
Vaults:4: dpeg_vaults_monster_row, v_misc_33, ontoclasm_vaults_ring_large,
          nicolae_vaults_alarming, hangedman_vaults_pinch,
          vaults_standard_mumra_x, hangedman_vaults_cutoff,
          ontoclasm_vaults_ring_square, serial_ice_m, vaults_mumra_chevron,
          hangedman_vaults_stretched_pinwheel, v_misc_16, vaults_room_pool
Crypt:1:  minicrypt_bobbens, grunt_crypt_arrival_webbed
Crypt:2:  uniq_saint_roka
Depths:1: enter_ziggurat_e, infiniplex_enter_wizlab_spiral, serial_shops,
          nicolae_shop_behind_doors, lightli_too_deep, hangedman_decor_lopped,
          nrook_mini_vaults, glass_columns_b, spider_trap, grunt_ministairs_1,
          hangedman_research_probablistics
Depths:2: grunt_runaround, hell_entry
IceCv:    ice_cave_caverns_02
WizLab:   wizlab_demon

Action                   |  1- 3 |  4- 6 |  7- 9 | 10-12 | 13-15 | 16-18 | 19-21 | 22-24 || total
-------------------------+-------+-------+-------+-------+-------+-------+-------+-------++-------
Melee: Dagger            |    11 |       |       |       |       |       |       |       ||    11
       Rapier            |       |    17 |       |       |   351 |   138 |   147 |       ||   653
       Trident           |       |    10 |    15 |    39 |     2 |       |       |       ||    66
       Falchion          |       |       |    32 |    22 |       |       |       |       ||    54
       Knife             |       |       |       |       |       |       |     8 |   187 ||   195
 Fire: Blowgun           |       |       |    10 |     2 |    11 |       |       |       ||    23
       Shortbow          |       |       |       |     5 |   680 |  1500 |  1717 |   570 ||  4472
 Cast: Magic Dart        |    78 |   146 |   291 |   272 |   330 |   132 |    99 |   107 ||  1455
       Dazzling Spray    |     1 |    11 |    61 |   179 |   288 |   138 |   165 |    92 ||   935
       Iskenderun's Batt |       |       |    26 |    94 |   162 |    95 |    70 |    45 ||   492
       Force Lance       |       |       |       |    11 |   238 |   298 |   365 |   220 ||  1132
       Iskenderun's Myst |       |       |       |     3 |    34 |     3 |     9 |     1 ||    50
       Shroud of Golubri |       |       |       |     2 |    25 |    21 |    13 |     2 ||    63
       Cause Fear        |       |       |       |       |    15 |     3 |     6 |       ||    24
       Call Canine Famil |       |       |       |       |     1 |       |       |       ||     1
       Regeneration      |       |       |       |       |    14 |    14 |    36 |    16 ||    80
       Apportation       |       |       |       |       |     3 |       |     3 |     4 ||    10
       Ozocubu's Armour  |       |       |       |       |    13 |     4 |    28 |     6 ||    51
       Portal Projectile |       |       |       |       |     4 |     3 |    10 |     2 ||    19
       Stoneskin         |       |       |       |       |       |    23 |       |       ||    23
       Repel Missiles    |       |       |       |       |       |    13 |     7 |     2 ||    22
       Phase Shift       |       |       |       |       |       |     3 |    19 |     5 ||    27
       Controlled Blink  |       |       |       |       |       |       |     4 |     2 ||     6
       Blink             |       |       |       |       |       |       |       |     3 ||     3
       Mephitic Cloud    |       |       |       |       |       |       |       |     1 ||     1
Invok: Channel Energy    |       |       |    67 |   260 |   486 |   255 |   329 |   156 ||  1553
 Abil: Evoke Flight      |       |       |       |     3 |       |       |     1 |       ||     4
Evoke: Wand              |       |       |       |       |     8 |     3 |     2 |    12 ||    25
  Use: Scroll            |     2 |     3 |     2 |    16 |    28 |    18 |    21 |     3 ||    93
       Potion            |       |     3 |     2 |     3 |     6 |     8 |     6 |     3 ||    31
 Stab: Sleeping          |     1 |     4 |       |     2 |     9 |     5 |    17 |     7 ||    45
       Invisible         |       |     1 |     2 |     5 |    15 |     2 |     1 |     2 ||    28
       Distracted        |       |       |       |       |       |       |     1 |     1 ||     2
  Eat: Chunk             |     2 |    13 |    39 |    71 |   129 |    72 |    93 |    41 ||   460
       Royal jelly       |       |       |     1 |       |       |       |       |       ||     1
       Pizza             |       |       |       |     1 |     3 |     1 |       |       ||     5
       Fruit             |       |       |       |       |     4 |     3 |       |       ||     7
       Beef jerky        |       |       |       |       |     1 |       |       |     1 ||     2
       Bread ration      |       |       |       |       |       |     3 |     4 |     2 ||     9
       Meat ration       |       |       |       |       |       |     3 |       |       ||     3
